 Dungeon Crawl Stone Soup version 0.29.1-12-g30fa7ad0bf (webtiles) character file.

Game seed: 1437595826719889652

105 styxcanada the Sneak (level 4, 0/23 HPs)
             Began as a Spriggan Brigand on Dec 23, 2022.
             Slain by a gnoll
             ... wielding a +0 flail
              (8 damage)
             ... on level 2 of the Dungeon.
             The game lasted 00:09:24 (1861 turns).

styxcanada the Sneak (Spriggan Brigand)             Turns: 1861, Time: 00:09:25

Health: 0/23       AC:  4    Str:  7    XL:     4   Next: 54%
Magic:  6/6        EV: 18    Int: 12    God:
Gold:   77         SH:  0    Dex: 28    Spells: 2/4 levels left

rFire   x . .      SeeInvis +   g - +7 Throatcutter {drain, coup de grace}
rCold   + . .      Faith    .   (no shield)
rNeg    . . .      Spirit   .   b - +0 robe
rPois   .          Reflect  .   (helmet restricted)
rElec   .          Harm     .   c - +1 cloak
rCorr   .          Rampage  .   (gloves unavailable)
Will    .....                   (boots unavailable)
Stlth   ++++......              (no amulet)
HPRegen 0.07/turn               h - +6 ring of dexterity
MPRegen 0.10/turn               k - ring of Udariph {Wiz rF- rC+ Dex+4}

@: very quick
A: very small, no large weapons, unfitting armour, see invisible, speed 3
a: no special abilities


You were on level 2 of the Dungeon.
You visited 1 branch of the dungeon, and saw 2 of its levels.

You collected 77 gold pieces.

Inventory:

Hand Weapons
 a - a +2 dagger
 g - the +7 Throatcutter (weapon) {drain, coup de grace}
   (You took it off Terence on level 2 of the Dungeon)

   A truly terrible weapon, it drains the life of any living foe it strikes.
   It may instantly kill foes which have little health.
 l - a +0 vorpal sling
Missiles
 d - 12 poisoned darts (quivered)
 e - 3 curare-tipped darts
 i - 32 stones
Armour
 b - a +0 robe (worn)
 c - a +1 cloak (worn)
Jewellery
 h - a +6 ring of dexterity (left hand)
 k - the ring of Udariph (right hand) {Wiz rF- rC+ Dex+4}
   (You found it on level 2 of the Dungeon)

   [ring of wizardry]

   It improves your spell success rate.
   Dex:       It affects your dexterity (+4).
   rF:        It makes you vulnerable to fire.
   rC:        It protects you from cold.
Scrolls
 f - a scroll of poison
 m - a scroll of enchant armour
 o - a scroll of identify
Potions
 j - a potion of invisibility
 n - a potion of heal wounds


   Skills:
 * Level 2.0 Fighting
 + Level 2.5 Short Blades
 + Level 2.3 Throwing
 * Level 2.0 Dodging
 * Level 7.6 Stealth
 * Level 0.9 Spellcasting
 * Level 0.3 Air Magic
 * Level 0.2 Poison Magic


You had 2 spell levels left.
You knew the following spells:

 Your Spells              Type           Power      Damage    Failure   Level
a - Poisonous Vapours     Pois/Air       2%         N/A       16%         2

Your spell library contained the following spells:

 Spells                   Type           Power      Damage    Failure   Level
 Static Discharge         Conj/Air       1%         3-4/arc   16%         2
 Ensorcelled Hibernation  Hex/Ice        0%         N/A       19%         2
 Spider Form              Tmut/Pois      0%         N/A       32%         3
 Corpse Rot               Necr/Pois/Air  1%         N/A       69%         4
 Anguish                  Hex/Necr       0%         N/A       73%         4
 Lightning Bolt           Conj/Air       0%         1d11      95%         5
 Maxwell's Capacitive Co  Air            0%         ∞         100%        8


Dungeon Overview and Level Annotations

Branches:
Dungeon (2/15)

Altars:


Innate Abilities, Weirdness & Mutations

You are very small and have problems with some larger weapons.
You are too small for most types of armour.
You have supernaturally acute eyesight. (SInv)
You cover ground extremely quickly. (Speed+++)


Message History

You slice the ball python!!
You kill the ball python!
k - the ring of Udariph {Wiz rF- rC+ Dex+4} You feel agile.
k - the ring of Udariph (right hand) {Wiz rF- rC+ Dex+4} You now have 77 gold pieces (gained 11).
An endoplasm comes into view.
A dart slug comes into view.
Found a scroll labelled OZXOEBBIXACH.
You see here a scroll of identify.
o - a scroll of identify You hit the dart slug.
You drain the dart slug.
You kill the dart slug!
The helpless endoplasm fails to defend itself.
You hit the endoplasm. You drain the endoplasm.
The endoplasm is almost dead.
The endoplasm hits you but does no damage.
You hit the endoplasm.
You kill the endoplasm!
p - a scroll labelled OZXOEBBIXACH
As you read the scroll labelled OZXOEBBIXACH, it crumbles to dust.
It is a scroll of brand weapon.
Your +0 sling emits a brilliant flash of light!
l - a +0 vorpal sling
Okay, then.
Okay, then.
A gnoll comes into view. It is wielding a +0 whip.
A gnoll comes into view. It is wielding a +0 flail.
The gnoll hits you with a +0 whip.
You slash the gnoll!
You behead the gnoll!
You kill the gnoll!
The gnoll shouts!
The gnoll misses you.
You barely miss the gnoll. The gnoll hits you with a +0 flail!
You closely miss the gnoll. The gnoll hits you with a +0 flail.
The gnoll closely misses you.
You slash the gnoll!
The gnoll is severely wounded.
The gnoll misses you. The gnoll hits you with a +0 flail!
You die...

##### #.).## #.#@.###
#.g#g..#
......##.#####
........##.....###
........######...##
........########..#
### ###..........#
##.####..
##.........# #.......
#.........#####.....#


You could see 2 gnolls.

Vanquished Creatures
  Terence (D:2)
  A gnoll (D:2)
  2 adders (D:2)
  A worm (D:2)
  3 dart slugs
  5 ball pythons
  4 endoplasms
  3 giant cockroaches (D:1)
  4 goblins
  4 hobgoblins
  2 quokkas (D:1)
  3 bats
  2 frilled lizards
  4 kobolds
  2 rats (D:2)
41 creatures vanquished.

Notes
Turn   | Place    | Note
-------+----------+-------------------------------------------
     0 | D:1      | styxcanada the Spriggan Brigand began the quest for the
                  | Orb.
     0 | D:1      | Reached XP level 1. HP: 10/10 MP: 2/2
    73 | D:1      | Reached skill level 6 in Stealth
   261 | D:1      | Reached XP level 2. HP: 15/15 MP: 3/3
   968 | D:2      | Reached skill level 7 in Stealth
   968 | D:2      | Reached XP level 3. HP: 16/18 MP: 4/4
  1348 | D:2      | Learned a level 2 spell: Poisonous Vapours
  1537 | D:2      | Noticed Terence
  1544 | D:2      | Killed Terence
  1545 | D:2      | Reached XP level 4. HP: 23/23 MP: 4/6
  1766 | D:2      | Identified the ring of Udariph {Wiz rF- rC+ Dex+4}
  1861 | D:2      | Slain by a gnoll

Illustrated notes

Levels and vault maps discovered:
D:1:      saegor_arrival_simple_d, layout_rooms, patterned_corridor
D:2:      layout_rooms, uniq_terence

Skill      XL: |  1  2  3 |
---------------+----------+-----
Stealth        | 6 7 |  7.6
Fighting       | 2 |  2.0
Dodging        | 2 |  2.0
Short Blades   | |  2.5
Throwing       | |  2.3
Spellcasting   | |  0.9
Air Magic      | |  0.3
Poison Magic   | |  0.2

Action                   |  1- 3 |  4- 6 || total
-------------------------+-------+-------++-------
Melee: Dagger            |    76 |       ||    76
       Long sword        |       |    13 ||    13
Throw: Dart              |    20 |       ||    20
  Use: Scroll            |     6 |     1 ||     7
 Stab: Sleeping          |    13 |     4 ||    17
Armor: Robe              |    10 |     1 ||    11
Dodge: Dodged            |    44 |     9 ||    53
